 Dungeon Crawl Stone Soup version 0.29.1-12-g30fa7ad0bf (webtiles) character file.

Game seed: 14866140437549818881

145305 cheesebisquit the Earth Mage (level 17, -4/104 HPs)
             Began as a Gargoyle Earth Elementalist on Jan 12, 2023.
             Was a High Priest of Vehumet.
             Slain by a wolf spider (7 damage)
             ... on level 2 of the Lair of Beasts.
             The game lasted 03:18:12 (37980 turns).

cheesebisquit the Earth Mage (GrEE)                Turns: 37980, Time: 03:18:13

Health: -4/104     AC: 35    Str: 13    XL:     17   Next: 41%
Magic:  26/32      EV:  8    Int: 26    God:    Vehumet [*****.]
Gold:   2798       SH:  0    Dex: 14    Spells: 24/39 levels left

rFire   . . .      SeeInvis +   g - staff of earth
rCold   + + .      Faith    .   Z - +3 buckler
rNeg    + + .      Spirit   .   X - +4 acid dragon scales
rPois   ∞          Reflect  .   w - +2 helmet
rElec   +          Harm     .   q - scarf {repulsion}
rCorr   +          Rampage  +   j - +2 pair of gloves
Will    +....                   Q - +1 pair of boots of Immorality {Rampage *Slow rC+ Int+3 Dex+4}
Stlth   +.........              r - amulet of magic regeneration
HPRegen 0.27/turn               u - ring of see invisible
MPRegen 0.63/turn               K - ring of Gautuiqef {rPois rC+ rN+ Slay+2}

@: confused, about to teleport, ambrosia-drunk, flying, held, studying 2 skills,
repel missiles
A: sickness immunity, AC +12, big wings, negative energy resistance 1,
electricity resistance, torment resistance 1, petrification resistance
a: Renounce Religion


You were on level 2 of the Lair of Beasts.
You worshipped Vehumet.
Vehumet was extremely pleased with you.
You visited 6 branches of the dungeon, and saw 27 of its levels.
You also visited: Ice Cave.

You collected 3253 gold pieces.
You spent 455 gold pieces at shops.

Inventory:

Hand Weapons
 O - the +6 dire flail of Coysicha {vorpal, Contam MP+9 Str+8}
   (You found it on level 12 of the Dungeon)

   It inflicts extra damage upon your enemies.
   Str:       It affects your strength (+8).
   MP:        It affects your magic capacity (+9).
   Contam:    It causes magical contamination when unequipped.
Missiles
 a - 183 stones
 x - 2 throwing nets
 F - 35 poisoned darts
 J - 12 curare-tipped darts
 T - 12 atropa-tipped darts
Armour
 c - an orb of light
 j - a +2 pair of gloves (worn)
 q - a scarf of repulsion (worn)
 w - a +2 helmet (worn)
 Q - the +1 pair of boots of Immorality (worn) {Rampage *Slow rC+ Int+3 Dex+4}
   (You found it on level 9 of the Dungeon)

   Int:       It affects your intelligence (+3).
   Dex:       It affects your dexterity (+4).
   rC:        It protects you from cold.
   *Slow:     It may slow you when you take damage.
   Rampage:   It bestows one free step when moving towards enemies.
 X - +4 acid dragon scales (worn)
 Z - a +3 buckler (worn)
Magical Staves
 g - a staff of earth (weapon)
Jewellery
 e - a ring of magical power
 h - the ring of Nisiazath {rC+ EV+4 Str+2}
   (You took it off a skeletal warrior on level 11 of the Dungeon)

   [ring of evasion]

   EV:        It affects your evasion (+4).
   Str:       It affects your strength (+2).
   rC:        It protects you from cold.
 r - an amulet of magic regeneration (around neck)
 u - a ring of see invisible (left hand)
 y - a ring of willpower
 B - the ring "Ahonko" {rPois AC+4 Str+3 Dex-4 Slay+3}
   (You took it off an orc knight on level 11 of the Dungeon)

   [ring of protection]

   AC:        It affects your AC (+4).
   Str:       It affects your strength (+3).
   Dex:       It affects your dexterity (-4).
   Slay:      It affects your accuracy & damage with ranged weapons and melee
   (+3).
   rPois:     It protects you from poison.
 I - the ring "Cacyi" {Fly rF- Will++ SInv}
   (You found it on level 11 of the Dungeon)

   [ring of see invisible]

   rF:        It makes you vulnerable to fire.
   SInv:      It lets you see invisible.
   Fly:       It grants you flight.
   Will:      It greatly increases your willpower.
 K - the ring of Gautuiqef (right hand) {rPois rC+ rN+ Slay+2}
   (You took it off an ogre mage on level 11 of the Dungeon)

   [ring of poison resistance]

   Slay:      It affects your accuracy & damage with ranged weapons and melee
   (+2).
   rC:        It protects you from cold.
   rPois:     It protects you from poison.
   rN:        It protects you from negative energy.
 L - a +4 ring of protection
 W - a +6 ring of intelligence
Wands
 i - a wand of acid (7)
 k - a wand of charming (18)
 G - a wand of iceblast (10)
 M - a wand of flame (46)
 N - a wand of mindburst (15)
 R - a wand of digging (2)
Scrolls
 f - 2 scrolls of amnesia
 l - 5 scrolls of fear
 n - 5 scrolls of teleportation
 s - a scroll of brand weapon
 t - 3 scrolls of summoning
 C - a scroll of identify
 E - 5 scrolls of blinking
 P - 2 scrolls of poison
 U - 3 scrolls of magic mapping
 V - 3 scrolls of butterflies
 Y - a scroll of silence
Potions
 b - a potion of berserk rage
 d - 10 potions of curing
 m - 11 potions of ambrosia
 o - 5 potions of lignification
 p - 2 potions of resistance
 v - 3 potions of attraction
 z - 5 potions of mutation
 A - a potion of haste
 D - a potion of magic
 H - a potion of brilliance
 S - a potion of cancellation


   Skills:
 + Level 11.1 Fighting
 - Level 9.0(9.4) Maces & Flails
 + Level 4.0(7.0) Staves
 + Level 11.1 Armour
 + Level 8.7 Dodging
 - Level 2.1 Stealth
 + Level 8.7 Shields
 + Level 11.7 Spellcasting
 + Level 12.3 Conjurations
 - Level 0.7 Transmutations
 + Level 15.1 Earth Magic
 + Level 9.5 Evocations


You had 24 spell levels left.
You knew the following spells:

 Your Spells              Type           Power      Damage    Failure   Level
a - Sandblast             Erth           100%       2d20      0%          1
b - Stone Arrow           Conj/Erth      100%       3d13      1%          3
c - Lee's Rapid Deconstr  Erth           48%        3d24*     1%          5
d - Iron Shot             Conj/Erth      46%        9d9       1%          6

Your spell library contained the following spells:

 Spells                   Type           Power      Damage    Failure   Level
 Passwall                 Tmut/Erth      59%        N/A       1%          2
 Dazzling Flash           Conj/Hex       94%        N/A       1%          3
 Fulminant Prism          Conj/Hex       23%        3d13      1%          4
 Iskenderun's Mystic Bla  Conj/Tloc      47%        2d10      1%          4
 Leda's Liquefaction      Hex/Erth       35%        N/A       2%          4
 Petrify                  Tmut/Erth      71%        N/A       2%          4
 Irradiate                Conj/Tmut      24%        3d19      3%          5
 Lightning Bolt           Conj/Air       23%        1d39      4%          5
 Slow                     Hex            60%        N/A       6%          1
 Wereblood                Tmut           19%        N/A       8%          2
 Ensorcelled Hibernation  Hex/Ice        30%        N/A       10%         2
 Airstrike                Air            7%         2d(2-18)  17%         4
 Call Canine Familiar     Summ           15%        N/A       19%         3
 Confusing Touch          Hex            15%        N/A       19%         3
 Ozocubu's Armour         Ice            15%        N/A       19%         3
 Portal Projectile        Hex/Tloc       30%        N/A       19%         3
 Summon Guardian Golem    Hex/Summ       15%        N/A       19%         3
 Tukima's Dance           Hex            15%        N/A       19%         3
 Vampiric Draining        Necr           15%        2d7       19%         3
 Starburst                Conj/Fire      23%        6d8       21%         6
 Yara's Violent Unravell  Hex/Tmut       8%         3d5       36%         5
 Animate Dead             Necr           15%        N/A       54%         4
 Passage of Golubria      Tloc           15%        N/A       54%         4
 Summon Lightning Spire   Summ/Air       15%        N/A       54%         4
 Blade Hands              Tmut           9%         N/A       80%         5
 Metabolic Englaciation   Hex/Ice        7%         N/A       87%         5
 Silence                  Hex/Air        7%         N/A       87%         5
 Simulacrum               Ice/Necr       7%         N/A       100%        6
 Summon Hydra             Summ           7%         N/A       100%        7
 Death's Door             Necr           7%         N/A       100%        9
 Sublimation of Blood     Necr           Unusable   N/A       N/A         2

Dungeon Overview and Level Annotations

Branches:
Dungeon (15/15)            Temple (1/1) D:6            Lair (5/5) D:9
 Shoals (3/4) Lair:2       Spider (1/4) Lair:2        Slime (0/5) Lair:5
    Orc (2/2) D:11            Elf (0/3) Orc:2        Vaults (0/5) D:14
 Depths (0/4) D:15          IceCv (visited)

Altars:
Ashenzari
Cheibriados
Dithmenos
Elyvilon
Fedhas
Gozag
Hepliaklqana
Kikubaaqudgha
Makhleb
Nemelex Xobeh
Okawaru
Qazlal
Ru
Sif Muna
Trog
Uskayaw
Vehumet
Wu Jian
Xom
Yredelemnul
Zin
The Shining One
Jiyva

Shops:
D:8 =   Orc:2 *[(=   Shoals:1 [

Portals:
Trove: D:13 (give 2 scrolls of acquirement)

Annotations:
D:7 1 runed translucent door, Unforgiven's ghost, novice GnFi
D:11 2 runed translucent doors
Lair:5 1 runed translucent door
Orc:1 4 transporters


Innate Abilities, Weirdness & Mutations

You are immune to sickness and miasma.
Your stone body is resilient. (AC +12)
You are immune to poison.
Your large and strong wings let you fly.
You resist negative energy. (rN+)
You are resistant to electric shocks. (rElec)
You are resistant to unholy torment.
You are immune to petrification.


Message History

The wolf spider bites you but does no damage.
The jumping spider leaps!
The boulder beetle bites you!
* * * LOW HITPOINT WARNING * * *
You are too injured to fight recklessly!
Okay, then.
What are your orders? t - Shout!
Orders for allies: a - Attack new target. p - Attack previous target. r - Retreat! s - Stop attacking. g - Guard the area. f - Follow me.
Anything else - Cancel.
Okay, then.
Okay, then.
As you read the scroll of teleportation, it crumbles to dust.
You feel strangely unstable. The redback closely misses you.
The redback bites you but does no damage.
The redback bites you!
* * * LOW HITPOINT WARNING * * *
The wolf spider hits you but does no damage.
The wolf spider bites you but does no damage.
The demonic crawler hits you but does no damage.
The demonic crawler hits you.
* * * LOW HITPOINT WARNING * * *
The demonic crawler hits you but does no damage.
The redback closely misses you. The redback barely misses you.
The boulder beetle barely misses you. The demonic crawler hits you.
* * * LOW HITPOINT WARNING * * *
The demonic crawler hits you but does no damage.
The demonic crawler hits you.
* * * LOW HITPOINT WARNING * * *
The wolf spider hits you but does no damage.
The wolf spider bites you but does no damage.
The redback closely misses you.
You are confused.
You feel invigorated.
The jumping spider leaps!
The redback completely misses you. The redback bites you!
* * * LOW HITPOINT WARNING * * *
The redback bites you but does no damage.
The wolf spider hits you!
You die...

####..##.P# ###.........###
#.#....###....# ######
#...#####.#.^##
#####.##.###.P#########.^#
..............##.^.^.....##
....P####.....##+≈≈≈#...#.#
##...P##......#†ss≈≈^.#○.##
#......#.....##s@s≈^..^..##
.............##Bs^≈≈.#^..^#
.......##....###+≈≈.#...^##
..........[...##^.........#
P..<...#.....######.###..##
.......#.....#########....#
#..######....##...###..#.##
#..##..##...............##
........................#


You could see a boulder beetle, a demonic crawler, a wolf spider and 3 redbacks.

Vanquished Creatures
  Nikola (Shoals:2)
  The ghost of Tang the Devastator, an adept TeAE of Sif Muna (Shoals:1)
  Ilsuiw (Shoals:1)
  An orc warlord (Orc:1)
  Azrael (D:15)
  4 dire elephants
  The ghost of Kazon the Covert, a journeyman NaFi of Okawaru (D:12)
  3 merfolk impalers (Shoals:2)
  3 boulder beetles
  9 hydras
  5 two-headed ogres
  An ogre mage (D:11)
  7 centaur warriors
  An alligator snapping turtle (Shoals:3)
  3 merfolk aquamancers (Shoals:2)
  Urug (D:12)
  A tengu warrior (D:15)
  9 death yaks
  Sonja (D:13)
  2 orc high priests (Orc:2)
  4 skeletal warriors
  A pharaoh ant (Spider:1)
  14 sea snakes
  An orb spider (Lair:2)
  A spectral anaconda (Lair:5)
  Lodul (D:13)
  A wizard (D:11)
  An orange crystal statue (D:12)
  An obsidian statue (Lair:5)
  2 orc knights
  5 necromancers
  Pikel (D:7)
  22 harpies
  4 wolf spiders
  12 manticores
  11 fauns
  22 ugly things
  5 cyclopes
  A slime creature (D:15)
  6 merfolk sirens
  15 elephants
  2 black mambas
  3 water nymphs
  3 ice statues (IceCv)
  Maggie (D:8)
  A naga mage (D:15)
  A torpor snail (Lair:4)
  11 cane toads
  An unseen horror (D:12)
  12 komodo dragons
  5 rime drakes
  A yaktaur (shapeshifter) (D:15)
  4 kobold demonologists
  2 tengu conjurers
  An efreet (D:14)
  6 demonic crawlers
  A freezing wraith (D:15)
  7 trolls
  3 meliai
  A queen bee (Lair:4)
  3 hornets
  16 merfolk
  5 wind drakes
  Grinder (D:2)
  8 dream sheep
  3 tarantellas
  8 snapping turtles
  2 spectral elephants (Lair:5)
  4 blink frogs
  2 jumping spiders (Lair:2)
  A culicivora (Spider:1)
  4 vampires
  2 dire elephant simulacra (IceCv)
  7 water elementals
  2 fire elementals
  40 yaks
  2 wyverns
  7 basilisks
  Grum (Lair:1)
  2 wraiths
  7 redbacks
  14 vampire mosquitoes
  3 death yak simulacra
  A warg (Orc:2)
  Edmund (D:6)
  A spectral cane toad (Lair:5)
  An acid dragon (D:12)
  20 water moccasins
  5 hell hounds
  3 sky beasts (D:7)
  A swamp drake (D:11)
  25 orc warriors
  3 black bears
  An ice beast (D:6)
  16 ogres
  11 wolves
  2 elephant skeletons (Lair:5)
  12 centaurs
  3 boggarts
  A lemure (D:7)
  A phantom (D:5)
  6 kobold brigands
  7 bullfrogs
  4 scorpions
  A gnoll sergeant (D:9)
  A cane toad simulacrum (Lair:5)
  8 wights
  45 killer bees
  2 elephant simulacra (IceCv)
  6 howler monkeys
  An electric eel (Lair:3)
  4 hounds
  A gnoll bouda (D:6)
  21 orc priests
  8 iguanas
  Natasha (thrice) (D:3)
  A polar bear simulacrum (IceCv)
  2 hell rats (Lair:5)
  15 orc wizards
  A wolf simulacrum (IceCv)
  11 gnolls
  6 adders
  11 river rats (Lair:5)
  A shadow imp (D:7)
  2 white imps
  2 ufetubi
  A worm (D:4)
  A dart slug (D:1)
  86 orcs
  7 bats
  6 endoplasms
  A giant cockroach (D:1)
  14 goblins
  8 hobgoblins
  3 quokkas
  11 ball pythons
  2 frilled lizards (D:2)
  29 kobolds
  6 rats
  A spectral orc (D:5)
851 creatures vanquished.

Vanquished Creatures (others)
  An orc (D:2)
  70 fungi
  95 plants
  17 withered plants (Lair:5)
183 creatures vanquished.

Grand Total: 1034 creatures vanquished

Notes
Turn   | Place    | Note
-------+----------+-------------------------------------------
     0 | D:1      | cheesebisquit the Gargoyle Earth Elementalist began the
                  | quest for the Orb.
     0 | D:1      | Reached XP level 1. HP: 10/10 MP: 3/3
   269 | D:1      | Reached skill level 4 in Earth Magic
   269 | D:1      | Reached XP level 2. HP: 6/15 MP: 5/5
   607 | D:1      | Found a faded altar of an unknown god.
   746 | D:1      | Reached XP level 3. HP: 19/19 MP: 6/6
   750 | D:1      | Learned a level 3 spell: Stone Arrow
  1902 | D:2      | Reached XP level 4. HP: 24/24 MP: 8/8
  2224 | D:3      | Noticed Natasha
  2252 | D:2      | Reached skill level 5 in Earth Magic
  2442 | D:2      | Reached XP level 5. HP: 28/28 MP: 10/10
  2499 | D:3      | Killed Natasha
  2707 | D:3      | Noticed an ogre
  2966 | D:3      | Noticed Grinder
  2971 | D:3      | Paralysed by Grinder for 4 turns
  2990 | D:2      | Killed Grinder
  2991 | D:2      | Reached skill level 6 in Earth Magic
  2991 | D:2      | Reached XP level 6. HP: 17/32 MP: 13/13
  3140 | D:3      | Noticed Natasha
  3248 | D:3      | Killed Natasha
  3284 | D:3      | Reached skill level 5 in Spellcasting
  3284 | D:3      | Reached skill level 7 in Earth Magic
  3284 | D:3      | Reached XP level 7. HP: 36/36 MP: 14/14
  3446 | D:3      | Noticed Natasha
  3452 | D:3      | Killed Natasha
  4038 | D:4      | Reached skill level 1 in Conjurations
  4447 | D:5      | Entered Level 5 of the Dungeon
  4501 | D:5      | Reached skill level 8 in Earth Magic
  4501 | D:5      | Reached XP level 8. HP: 41/41 MP: 16/16
  4943 | D:5      | Found a basalt altar of Yredelemnul.
  5061 | D:5      | Found an ornate altar of the Wu Jian Council.
  5062 | D:5      | Found a bloodstained altar of Trog.
  5651 | D:6      | Found a staircase to the Ecumenical Temple.
  5661 | Temple   | Entered the Ecumenical Temple
  6429 | D:6      | Reached skill level 9 in Earth Magic
  6450 | D:6      | Found a radiant altar of Vehumet.
  6450 | D:6      | Found a shimmering altar of Xom.
  6456 | D:6      | Became a worshipper of Vehumet
  6472 | D:6      | Noticed Edmund
  6476 | D:6      | Killed Edmund
  6834 | D:7      | Reached XP level 9. HP: 38/45 MP: 19/19
  6844 | D:7      | Reached skill level 5 in Conjurations
  7067 | D:7      | Reached skill level 1 in Armour
  7349 | D:7      | Reached skill level 1 in Fighting
  7355 | D:7      | Reached skill level 1 in Maces & Flails
  7355 | D:7      | Reached skill level 1 in Evocations
  7396 | D:7      | Reached * piety under Vehumet
  7396 | D:7      | Offered knowledge of Shock by Vehumet.
  7597 | D:7      | Reached skill level 10 in Earth Magic
  7819 | D:7      | Noticed Unforgiven's ghost (novice GnFi)
  7833 | D:7      | Found a runed translucent door.
  8042 | D:8      | Noticed Maggie
  8440 | D:8      | Identified the +1 plate armour "Modwoupn" {+Blink rElec rF-
                  | rC+++ Dex+4}
  8477 | D:8      | Got the Compilation of Malediction
  8488 | D:8      | Found a glowing golden altar of the Shining One.
  8491 | D:8      | Noticed Pikel
  8536 | D:7      | Killed Pikel
  8537 | D:7      | Reached XP level 10. HP: 39/55 MP: 14/21
  8781 | D:8      | Found Loqekih's Jewellery Boutique.
  8962 | D:8      | Killed Maggie
  9457 | D:9      | Noticed a two-headed ogre
  9463 | D:8      | Offered knowledge of Magic Dart by Vehumet.
  9491 | D:8      | Killed a two-headed ogre
  9491 | D:8      | Reached ** piety under Vehumet
 10004 | D:9      | Found a staircase to the Lair.
 10067 | D:9      | Identified the +1 pair of boots of Immorality {Rampage
                  | *Slow rC+ Int+3 Dex+4}
 10320 | D:10     | Entered Level 10 of the Dungeon
 10386 | D:10     | Reached XP level 11. HP: 61/61 MP: 23/23
 10480 | D:10     | Found an iron altar of Okawaru.
 10717 | D:10     | Identified the +0 leather armour of Toashral {Int+5}
 10842 | D:10     | Offered knowledge of Scorch by Vehumet.
 10908 | D:10     | Noticed a two-headed ogre
 10914 | D:10     | Killed a two-headed ogre
 11377 | D:11     | Noticed a four-headed hydra
 11382 | D:11     | Killed a four-headed hydra
 11540 | D:11     | Reached skill level 11 in Earth Magic
 11575 | D:11     | Found a runed translucent door.
 11629 | D:11     | Found a runed translucent door.
 11629 | D:11     | Noticed a five-headed hydra
 11634 | D:11     | Noticed a cyclops
 11644 | D:11     | Noticed a wizard
 11646 | D:11     | Killed a wizard
 11647 | D:11     | Reached skill level 5 in Fighting
 11647 | D:11     | Reached skill level 5 in Armour
 11657 | D:11     | Noticed a cyclops
 11660 | D:11     | Killed a cyclops
 11696 | D:11     | Killed a cyclops
 11697 | D:11     | Noticed a manticore
 11703 | D:11     | Killed a manticore
 11711 | D:11     | Reached *** piety under Vehumet
 11712 | D:11     | Noticed a white ugly thing
 11716 | D:11     | Identified the ring "Ahonko" {rPois AC+4 Str+3 Dex-4
                  | Slay+3}
 11716 | D:11     | Noticed an orc knight
 11721 | D:11     | Killed a white ugly thing
 11726 | D:11     | Identified the ring of Nisiazath {rC+ EV+4 Str+2}
 11726 | D:11     | Noticed a skeletal warrior
 12159 | D:11     | Killed a skeletal warrior
 12477 | D:11     | Found a staircase to the Orcish Mines.
 12493 | D:11     | Reached skill level 5 in Maces & Flails
 12493 | D:11     | Reached XP level 12. HP: 68/68 MP: 24/24
 12608 | D:11     | Identified the ring "Cacyi" {Fly rF- Will++ SInv}
 12898 | D:12     | Offered knowledge of Frozen Ramparts by Vehumet.
 12922 | D:11     | Identified the ring of Gautuiqef {rPois rC+ rN+ Slay+2}
 12922 | D:11     | Noticed an ogre mage
 12944 | D:11     | Killed an ogre mage
 12972 | D:12     | Noticed a boulder beetle
 13168 | D:12     | Killed a boulder beetle
 13169 | D:12     | Reached skill level 5 in Dodging
 13169 | D:12     | Reached skill level 5 in Evocations
 13374 | D:12     | Found a large runed translucent door.
 13375 | D:12     | Found a large runed translucent door.
 13377 | D:12     | Found a shimmering altar of Xom.
 13559 | D:12     | Identified the +3 scale mail "Nunuorhi" {*Corrode Will+++
                  | Dex+3 Slay-2}
 13614 | D:12     | Noticed Urug
 13619 | D:12     | Noticed a centaur warrior
 13707 | D:12     | Killed Urug
 13819 | D:12     | Found a runed translucent gate.
 13819 | D:12     | Found a runed translucent gate.
 13820 | D:12     | Found a runed translucent gate.
 13822 | D:12     | Noticed a 13-headed hydra
 13822 | D:12     | Noticed Kazon's ghost (journeyman NaFi)
 13822 | D:12     | Noticed a 12-headed hydra
 13924 | D:12     | Killed a centaur warrior
 13953 | D:12     | Noticed a two-headed ogre
 13956 | D:12     | Killed a two-headed ogre
 14003 | D:12     | Reached **** piety under Vehumet
 14299 | Lair:1   | Entered Level 1 of the Lair of Beasts
 14678 | Lair:1   | Reached skill level 12 in Earth Magic
 14744 | Lair:1   | Noticed a death yak
 14751 | Lair:1   | Killed a death yak
 14770 | Lair:1   | Noticed a death yak
 14771 | Lair:1   | Noticed a death yak
 14784 | Lair:1   | Killed a death yak
 14792 | Lair:1   | Killed a death yak
 14886 | Lair:1   | Noticed Grum
 14896 | Lair:1   | Killed Grum
 14916 | Lair:1   | Offered knowledge of Ignite Poison by Vehumet.
 14917 | Lair:1   | Reached XP level 13. HP: 64/76 MP: 14/26
 15126 | Lair:1   | Reached skill level 1 in Shields
 15255 | Lair:2   | Found a frozen archway.
 15274 | IceCv    | Entered an ice cave
 15862 | Lair:1   | Reached ***** piety under Vehumet
 15929 | Lair:2   | Offered knowledge of Fulminant Prism by Vehumet.
 16127 | Lair:2   | Found a staircase to the Shoals.
 16987 | Lair:2   | Found a hole to the Spider Nest.
 18404 | Lair:3   | Gained mutation: Your large and strong wings let you fly.
                  | [Gargoyle growth]
 18404 | Lair:3   | Reached XP level 14. HP: 65/84 MP: 9/27
 18656 | Lair:4   | Reached skill level 13 in Earth Magic
 18716 | Lair:4   | Reached skill level 10 in Spellcasting
 18726 | Lair:4   | Reached skill level 10 in Conjurations
 19993 | Lair:4   | Offered knowledge of Orb of Destruction by Vehumet.
 20314 | Lair:5   | Entered Level 5 of the Lair of Beasts
 20657 | Lair:5   | Reached skill level 5 in Shields
 21415 | Lair:5   | Noticed a dire elephant
 21429 | Lair:5   | Noticed a dire elephant
 21798 | Lair:5   | Found a runed translucent door.
 21798 | Lair:5   | Found a viscous altar of Jiyva.
 21831 | Lair:5   | Found a staircase to the Slime Pits.
 21884 | Lair:5   | Noticed a dire elephant
 21922 | Lair:4   | Killed a dire elephant
 21959 | Lair:5   | Killed a dire elephant
 22250 | Lair:5   | Got Kikubaaqudgh's Precepts of Profane Liturgies
 22327 | Lair:5   | Killed a dire elephant
 22374 | Lair:5   | Identified the ring of Raimub {rF+ rC+ rCorr Str+2 Int-5}
 22527 | Lair:5   | Reached XP level 15. HP: 67/90 MP: 16/29
 22994 | Orc:1    | Entered Level 1 of the Orcish Mines
 23030 | Orc:1    | Found an ornate altar of the Wu Jian Council.
 23031 | Orc:1    | Found a transporter.
 23078 | Orc:1    | Found a transporter.
 23150 | Orc:1    | Found a shimmering altar of Xom.
 23252 | Orc:1    | Found a transporter.
 23279 | Orc:1    | Found a transporter.
 23280 | Orc:1    | Found an ornate altar of the Wu Jian Council.
 23280 | Orc:1    | Noticed an orc warlord
 23473 | Orc:2    | Entered Level 2 of the Orcish Mines
 23496 | Orc:2    | Found a staircase to the Elven Halls.
 23896 | Orc:2    | Found Gaedakiz's Assorted Antiques.
 23901 | Orc:2    | Bought a wand of mindburst (6) for 285 gold pieces
 23901 | Orc:2    | Bought a potion of heal wounds for 170 gold pieces
 23975 | Orc:2    | Offered knowledge of Lee's Rapid Deconstruction by Vehumet.
 23978 | Orc:2    | Reached ****** piety under Vehumet
 23988 | Orc:2    | Learned a level 5 spell: Lee's Rapid Deconstruction
 24234 | Orc:2    | Noticed an orc warlord
 24284 | Orc:1    | Killed an orc warlord
 24513 | Orc:2    | Found Giegurr's Antique Armour Shoppe.
 24525 | Orc:2    | Found Qaacol's Antique Weapon Emporium.
 25016 | Orc:2    | Found Doankan's Jewellery Boutique.
 25514 | D:12     | Offered knowledge of Iskenderun's Battlesphere by Vehumet.
 25552 | D:12     | Killed Kazon's ghost
 25753 | D:12     | Identified the +6 dire flail of Coysicha {vorpal, Contam
                  | MP+9 Str+8}
 26667 | D:13     | Noticed Sonja
 26674 | D:13     | Killed Sonja
 26870 | D:13     | Found a portal to a secret trove of treasure.
 26908 | D:13     | Noticed Lodul
 26916 | D:13     | Killed Lodul
 26917 | D:13     | Reached skill level 14 in Earth Magic
 27870 | D:14     | Found a gate to the Vaults.
 28222 | D:15     | Entered Level 15 of the Dungeon
 28229 | D:15     | Noticed Azrael
 28950 | D:15     | Reached XP level 16. HP: 84/97 MP: 27/31
 29072 | D:15     | Found a staircase to the Depths.
 29096 | D:15     | Reached skill level 10 in Fighting
 29219 | D:15     | Reached skill level 10 in Armour
 29321 | D:15     | Killed Azrael
 30028 | Shoals:1 | Entered Level 1 of the Shoals
 30580 | Shoals:1 | Reached skill level 1 in Staves
 30587 | Shoals:1 | Found Jabraw's Armour Boutique.
 30590 | Shoals:1 | Offered knowledge of Conjure Ball Lightning by Vehumet.
 31151 | Shoals:2 | Noticed Ilsuiw
 31328 | Shoals:1 | Killed Ilsuiw
 32379 | Shoals:2 | Found a runed translucent gate.
 32379 | Shoals:2 | Found a runed translucent gate.
 32379 | Shoals:2 | Found a runed translucent gate.
 32404 | Shoals:2 | Noticed Tang's ghost (adept TeAE)
 32699 | Shoals:2 | You are sucked into a shaft and drop 1 floor!
 32699 | Shoals:3 | Found a snail-covered altar of Cheibriados.
 32776 | Shoals:2 | Noticed Nikola
 33079 | Shoals:2 | Killed Nikola
 34455 | Shoals:2 | Reached XP level 17. HP: 97/104 MP: 21/32
 35122 | Shoals:2 | Reached skill level 15 in Earth Magic
 35372 | Shoals:3 | Offered knowledge of Iron Shot by Vehumet.
 35457 | Shoals:2 | Learned a level 6 spell: Iron Shot
 35754 | Shoals:3 | Found a burning altar of Makhleb.
 35952 | Shoals:3 | Identified the +7 morningstar of the Sky {spect, rC+}
 36826 | Shoals:1 | Killed Tang's ghost
 37129 | Shoals:2 | Identified the +0 helmet of Oteoza {Str+4}
 37263 | Spider:1 | Entered Level 1 of the Spider Nest
 37980 | Lair:2   | HP: 3/104 [redback (11)]
 37980 | Lair:2   | Slain by a wolf spider

Illustrated notes

Levels and vault maps discovered:
D:1:      eino_arrival_water_star, layout_loops_ring,
          shapermc_ecumenical_altar_flowoftime, nicolae_grassy_gnolls
D:2:      minmay_inner_zag, layout_loops_ring, dk_noncrumbling_2
D:3:      layout_rooms, minivault_14, corexii_hall_statues_s,
          minmay_ogre_servants, uniq_natasha, uniq_grinder
D:4:      layout_loops_ring, st_stairs_12
D:5:      layout_basic, yredelemnul_forgotten_temple_becter,
          gammafunk_temple_overflow_pools
D:6:      layout_layer_cave, nicolae_overflow_two_pavilions,
          minmay_temple_entry_large_hall, uniq_edmund
D:7:      layout_gridville, hellmonk_ghost_happy_afterlife, abandoned_shop,
          grunt_decor_junction, kennysheep_nub
D:8:      layout_basic, amcnicky_altar_gilded, serial_shops, shop,
          small_statue_alley_b, minivault_21, uniq_pikel, uniq_maggie
D:9:      layout_cave_pools, due_lair_maze_entry_diamond
D:10:     layout_irregular_city, lemuel_doored_altar, grunt_decor_arrowhead
D:11:     minmay_the_grid_triangle_9x9_rhombus_thin_mashed
          [minmay_the_grid_triangle_9x9_from_above,
          minmay_the_grid_triangle_9x9_prize_special,
          minmay_the_grid_triangle_9x9_tough_junction,
          minmay_the_grid_triangle_9x9_zippers_vertical], layout_cave_pools,
          erik_orc_1
D:12:     due_chaos_kobolds, layout_loops_ring, gammafunk_ghost_hydra_chop,
          uniq_urug
D:13:     layout_gridville, trove_entry_hex_spiral, uniq_sonja, uniq_lodul
D:14:     layout_roguey, david_vaults_1, serial_corexii_hall,
          corexii_hall_statues_s, corexii_hall_statues_x, reono_crystal_passage
D:15:     hangedman_depths_entry_try_elsewhere_first, layout_basic,
          hangedman_decor_points, uniq_azrael
Temple:   hellmonk_temple_of_storms
Lair:1:   layout_layer_cave, uniq_grum
Lair:2:   layout_regular_city, elwin_shoals_entry_rooms,
          nicolae_spider_entry_orb_guardian, portal_ice_cave_rime,
          hibernation_bobbens
Lair:3:   layout_chaotic_city, nicolae_quartered_pool_little,
          infiniplex_staircase_pool_2
Lair:4:   layout_long_grid, nicolae_volcano_entry_two_sided, special_room
          [special_room_bee], serial_bayou_pond_a, minmay_hedge_maze,
          nzn_random_ring, serial_bayou_shore_a
Lair:5:   due_jungle_book, layout_regular_city, slime_entry_2,
          kennysheep_rathole
Shoals:1: layout_shoals, serial_shops, shop
Shoals:2: cheibrodos_shoals_baths, layout_shoals, gammafunk_ghost_tricky_traps,
          uniq_nikola, uniq_ilsuiw
Shoals:3: layout_shoals, hangedman_feature_mirror
Spider:1: layout_spider_delve
Orc:1:    dreamdust_wu_jian_sword_trials, layout_caves, basic_altar
Orc:2:    grunt_orc_community_town_hall, layout_caves,
          grunt_orc_community_big_house_2, grunt_orc_community_big_house_2,
          grunt_orc_community_house_2, grunt_orc_community_house_2,
          grunt_orc_community_house_3, grunt_orc_community_house_3,
          grunt_orc_community_house_2, grunt_orc_community_house_2

Skill      XL: |  1  2  3  4  5  6  7  8  9 10 11 12 13 14 15 16 17 |
---------------+----------------------------------------------------+-----
Earth Magic    | 4 5 6 7 8 9 10 11 12 13 14 15 | 15.1
Spellcasting   | 3 4 5 6 7 8 9 10 11 | 11.7
Conjurations   | 2 4 6 7 8 9 10 11 12 | 12.3
Armour         | 2 4 5 7 8 9 10 11 | 11.1
Fighting       | 2 4 5 6 8 9 10 11 | 11.1
Maces & Flails | 2 3 5 6 7 8 9 |  9.0
Dodging        | 2 3 4 5 6 7 8 |  8.7
Evocations     | 2 3 4 5 6 7 8 9 |  9.5
Shields        | 3 5 7 8 |  8.7
Staves         | 3 4 |  4.0
Stealth        | |  2.1
Transmutations | |  0.7

Action                   |  1- 3 |  4- 6 |  7- 9 | 10-12 | 13-15 | 16-18 || total
-------------------------+-------+-------+-------+-------+-------+-------++-------
Melee: Club              |     1 |     1 |       |       |       |       ||     2
       Flail             |       |     2 |     3 |       |       |       ||     5
       Dire flail        |       |       |    18 |     3 |       |       ||    21
       Staff             |       |       |       |       |    53 |    26 ||    79
 Cast: Sandblast         |    41 |    58 |   149 |     3 |    38 |     5 ||   294
       Stone Arrow       |       |       |    61 |   317 |  1001 |   625 ||  2004
       Lee's Rapid Decon |       |       |       |       |    16 |     2 ||    18
       Iron Shot         |       |       |       |       |       |    13 ||    13
Evoke: Wand              |       |       |       |     1 |     5 |       ||     6
  Use: Scroll            |       |       |    10 |    16 |    18 |     7 ||    51
       Potion            |       |       |       |     6 |     9 |     7 ||    22
Armor: Leather armour    |     4 |    13 |    54 |    57 |       |       ||   128
       Steam dragon scal |       |       |       |    51 |       |       ||    51
       Acid dragon scale |       |       |       |     9 |   332 |   479 ||   820
Dodge: Dodged            |     9 |    30 |    61 |   196 |   607 |   589 ||  1492
       Repelled          |       |       |     1 |     1 |     4 |     9 ||    15
Block: Buckler           |       |       |       |       |   179 |   333 ||   512
